Map: Jagannatha LE

Players

Stats - Winner!

  • Race: Protoss Protoss
  • League: Grandmaster
  • Spawn Location: 1:00

TYTY (TY)

  • Race: Terran Terran
  • League: Grandmaster
  • Spawn Location: 7:00

Event: DreamHack SC2 Masters 2020 Winter

VOD

Have the link to the VOD?

Description

Time

  • Played on: Nov. 13, 2020, 10:16 a.m.
  • Length: 5:23

All games in this series

Show
View Real Time Build Order
Export as new Build Order

Stats Protoss - Winner!

Build Orders: Proxy Void Ray 

Get SALT Encoding   

  12  0:08  Pylon  
  12  0:13  Probe  
  13  0:26  Gateway  
  13  0:30  Probe (Chrono Boost)  
  14  0:39  Probe (Chrono Boost)  
  14  0:40  Assimilator  
  15  0:44  Probe (Chrono Boost)  
  15  0:49  Assimilator  
  16  0:56  Probe  
  17  1:08  Probe  
  18  1:13  Cybernetics Core  
  18  1:20  Probe  
  18  1:25  Pylon  
  19  1:32  Probe  
  20  1:44  Probe  
  21  1:47  Adept (Chrono Boost)  
  21  1:49  Stargate  
  23  1:57  Shield Battery  
  23  2:00  Probe  
  24  2:05  Warp Gate  
  24  2:12  Adept  
  26  2:15  Probe  
  27  2:25  Pylon  
  27  2:29  Void Ray (Chrono Boost)  
  31  2:45  Shield Battery  
  31  2:57  Pylon  
  31  2:59  Void Ray (Chrono Boost)  
  33  3:17  Shield Battery  
  33  3:18  Shield Battery  
  31  3:25  Pylon  
  31  3:32  Void Ray (Chrono Boost)  
  35  4:00  Stalker  
  37  4:10  Void Ray  
  40  4:26  Stalker  
  40  4:30  Probe  
  42  4:48  Probe  
  41  4:53  Stalker  
  47  5:04  Probe  
Show
View Real Time Build Order
Export as new Build Order

TYTY Terran 

Build Orders:  

Get SALT Encoding   

  12  0:00  SCV  
  13  0:12  SCV  
  14  0:18  Supply Depot  
  14  0:24  SCV  
  15  0:40  SCV  
  15  0:42  Barracks  
  16  0:45  Refinery  
  16  0:52  SCV  
  17  1:04  SCV  
  18  1:16  SCV  
  19  1:28  Marine  
  19  1:29  Orbital Command  
  20  1:39  Command Center  
  20  1:50  Factory  
  20  1:53  Marine  
  21  1:58  SCV  
  22  2:04  Supply Depot  
  22  2:10  SCV  
  22  2:12  Barracks Reactor  
  23  2:26  SCV  
  24  2:34  Hellion  
  26  2:38  SCV  
  27  2:45  Starport  
  27  2:48  Marine x2  
  29  2:52  SCV  
  29  2:59  Widow Mine  
  29  3:05  Marine, Refinery, Orbital Command  
  31  3:06  Marine  
  31  3:09  Bunker  
  31  3:11  SCV  
  30  3:22  Widow Mine  
  30  3:23  Marine x2  
  33  3:31  Orbital Command  
  33  3:33  Viking  
  35  3:41  Marine  
  35  3:47  Widow Mine  
  36  3:58  Marine  
  35  4:03  Viking  
  37  4:12  Widow Mine  
  37  4:16  Marine  
  33  4:44  Widow Mine  
  33  4:45  SCV  
  32  4:46  SCV  
  32  4:47  Engineering Bay  
  32  4:56  Supply Depot  
  32  4:57  Marine, Supply Depot  
Tags
 
Add a new tag
Caveats
  • Supply blocks, unpowered buildings, or Contaminate may cause inaccurate times.
  • Supply counts are checked every 10 seconds.